 Dungeon Crawl Stone Soup version 0.24.0-125-gc4c63601f3 (webtiles) character file.

Game seed: 9203154898619990887, levelgen mode: deterministic

1018 Johnny the Ruffian (level 8, -1/79 HPs)
             Began as a Troll Berserker on Feb 24, 2020.
             Was a Believer of Trog.
             Slain by a gnoll
             ... wielding a +0 spear
              (2 damage)
             ... on level 4 of the Dungeon.
             The game lasted 00:02:14 (2640 turns).

Johnny the Ruffian (Troll Berserker)                Turns: 2640, Time: 00:02:14

Health: -1/79      AC:  6    Str: 28    XL:     8   Next: 2%
Magic:  7/7        EV: 11    Int:  3    God:    Trog [**....]
Gold:   158        SH:  0    Dex:  9    Spells: 7/7 levels left

rFire    . . .     SeeInvis .     - Unarmed
rCold    . . .     Gourm    +   (no shield)
rNeg     . . .     Faith    .   a - +0 animal skin
rPois    .         Spirit   .   (helmet restricted)
rElec    .         Reflect  .   (no cloak)
rCorr    .         Harm     .   (gloves unavailable)
MR       .....                  (boots unavailable)
Stlth    +.........             (no amulet)
HPRegen  0.63/turn              (no ring)
MPRegen  0.10/turn              (no ring)

@: lethally poisoned (-1 -> -4), berserk cooldown, slowed, very slow
A: large, unfitting armour, claws 3, fast metabolism 3, gourmand, regeneration
1, shaggy fur 1, tough skin 3
a: Berserk, Trog's Hand, Renounce Religion


You were on level 4 of the Dungeon.
You worshipped Trog.
Trog was pleased with you.
You were very full.

You visited 1 branch of the dungeon, and saw 4 of its levels.

You collected 158 gold pieces.

Inventory:

Missiles
 l - 4 large rocks (quivered)
Armour
 a - a +0 animal skin (worn)
Jewellery
 e - a +3 ring of slaying {unknown}
 p - an uncursed ring of poison resistance {unknown}
 s - a +5 ring of intelligence {unknown}
Scrolls
 c - 2 scrolls of enchant armour {unknown}
 g - a scroll of blinking {unknown}
 i - a scroll of noise {unknown}
 k - 4 scrolls of identify {unknown}
 m - a scroll of teleportation {unknown}
 n - 3 scrolls of remove curse {unknown}
 o - a scroll of fog {unknown}
 t - a scroll of amnesia {unknown}
Potions
 d - a potion of invisibility {unknown}
 f - a potion of magic
 h - 2 potions of ambrosia {unknown}
 j - a potion of curing {unknown}
 q - 2 potions of haste {unknown}
 r - 2 potions of might {unknown}
Comestibles
 b - 6 rations
 u - 4 chunks of flesh


   Skills:
 + Level 4.5 Fighting
 + Level 3.6 Armour
 + Level 4.5 Dodging
 + Level 5.4 Unarmed Combat


You had 7 spell levels left.
You didn't know any spells.
Your spell library was empty.

Dungeon Overview and Level Annotations

Branches:
Dungeon (4/15)
 Temple: D:4-7

Altars:
Ashenzari
Dithmenos
Uskayaw
Vehumet
Yredelemnul
The Shining One


Innate Abilities, Weirdness & Mutations

You are too large for most types of armour.
You have claws for hands.
Your metabolism is lightning-fast.
You like to eat raw meat.
Your natural rate of healing is unusually fast.
You are covered in fur. (AC +1)
You have extremely tough skin. (AC +3)


Message History

The gnoll hits you but does no damage. The gnoll closely misses you.
The gnoll hits you but does no damage.
You closely miss the gnoll.
You feel sick. The gnoll barely misses you.
The gnoll hits you from afar with a +0 spear.
* * * LOW HITPOINT WARNING * * *
The gnoll hits you with a +0 spear.
* * * LOW HITPOINT WARNING * * *
Unknown command.
Unknown command.
Unknown command.
Unknown command.
Unknown command.
Unknown command.
Unknown command.
Unknown command.
It was a potion of magic.
Magic courses through your body.
* * * LOW HITPOINT WARNING * * *
You feel sick. The gnoll closely misses you.
The gnoll hits you from afar with a +0 spear.
You die...

≈≈≈≈≈≈≈....≈≈≈≈≈≈≈≈≈≈≈≈#
≈≈≈≈≈≈≈.p..≈≈≈≈≈≈≈≈≈≈≈≈≈
≈≈≈≈≈≈≈....≈≈≈≈≈≈≈≈≈≈≈≈≈
......gg................
......ggg..........)....
#######gg.....p......<##
#g################ #g#
#@# #)# #†# #.# #...#
###.# .# # .


You could see 9 gnolls and a neutral freed slave (wandering).

Vanquished Creatures
  Pikel (D:4)
  An ogre (D:4)
  A bullfrog (D:4)
  2 gnoll sergeants
  A gnoll shaman (D:4)
  Natasha (twice) (D:3)
  A worker ant (D:4)
  9 gnolls
  3 adders
  2 oozes
  A dart slug (D:3)
  A leopard gecko (D:1)
  2 orcs
  A giant cockroach (D:3)
  7 goblins
  3 hobgoblins (D:1)
  6 jackals
  5 kobolds
  2 quokkas
  A ball python (D:2)
  5 bats
  3 frilled lizards
  5 rats (D:1)
65 creatures vanquished.

Vanquished Creatures (others)
  2 gnolls (D:4)
2 creatures vanquished.

Grand Total: 67 creatures vanquished

Notes
Turn   | Place    | Note
-------+----------+-------------------------------------------
     0 | D:1      | Johnny the Troll Berserker began the quest for the Orb.
     0 | D:1      | Reached XP level 1. HP: 22/22 MP: 0/0
   126 | D:1      | Reached XP level 2. HP: 28/29 MP: 1/1
   359 | D:1      | Reached ** piety under Trog
   741 | D:2      | Reached XP level 3. HP: 36/36 MP: 2/2
   847 | D:2      | Found a glowing golden altar of the Shining One.
   878 | D:2      | Reached skill level 1 in Armour
  1249 | D:2      | Noticed a gnoll sergeant
  1270 | D:2      | Killed a gnoll sergeant
  1270 | D:2      | Reached XP level 4. HP: 5/45 MP: 3/3
  1273 | D:2      | Reached XP level 5. HP: 7/53 MP: 4/4
  1830 | D:3      | Noticed Natasha
  1837 | D:3      | Killed Natasha
  1891 | D:3      | Found a radiant altar of Vehumet.
  1891 | D:3      | Found a hide-covered altar of Uskayaw.
  2006 | D:3      | Found a basalt altar of Yredelemnul.
  2007 | D:3      | Found a shattered altar of Ashenzari.
  2058 | D:3      | Noticed Natasha
  2067 | D:3      | Killed Natasha
  2067 | D:3      | Reached skill level 4 in Unarmed Combat
  2252 | D:4      | Reached XP level 6. HP: 51/61 MP: 5/5
  2428 | D:4      | Found a shadowy altar of Dithmenos.
  2434 | D:4      | Noticed a slave
  2435 | D:4      | Noticed a slave
  2435 | D:4      | Noticed Pikel
  2436 | D:4      | Noticed a slave
  2436 | D:4      | Noticed a slave
  2445 | D:4      | Killed Pikel
  2445 | D:4      | Reached skill level 5 in Unarmed Combat
  2445 | D:4      | Reached XP level 7. HP: 71/71 MP: 6/6
  2636 | D:4      | Reached XP level 8. HP: 20/79 MP: 7/7
  2639 | D:4      | HP: 2/79 [gnoll/+0 spear (3)]
  2640 | D:4      | Slain by a gnoll

Levels and vault maps discovered:
D:1:      erik_arrival_blinker_ship, layout_basic
D:2:      layout_loops_corners, nicolae_overflow_crystal_walls, serial_glass,
          glass_columns_c, glass_columns_a, glass_columns_c, glass_columns_b
D:3:      layout_loops_cross, grunt_temple_overflow_open,
          chequers_temple_overflow_statue_of_worship, uniq_natasha
D:4:      lemuel_castle_with_subvaults [lemuel_castle_interior_original],
          layout_basic, nicolae_ru_the_path_less_chosen,
          grunt_temple_overflow_diamond, lemuel_crystal_altar, first_ration,
          chequers_serial_rivers_micro_d, minmay_joined_circles, uniq_pikel

Skill      XL: |  1  2  3  4  5  6 |
---------------+-------------------+-----
Armour         | 1 2 3 |  3.6
Fighting       | 3 4 |  4.5
Dodging        | 3 4 |  4.5
Unarmed Combat | 4 5 |  5.4

Action                   |  1- 3 |  4- 6 |  7- 9 || total
-------------------------+-------+-------+-------++-------
Melee: Unarmed           |   102 |    49 |    44 ||   195
Throw: Large rock        |     2 |       |       ||     2
Invok: Berserk           |     1 |     1 |     1 ||     3
  Use: Potion            |       |       |     1 ||     1
 Stab: Sleeping          |     1 |     1 |       ||     2
  Eat: Chunk             |    14 |    15 |     2 ||    31
Armor: Animal skin       |    34 |     8 |    14 ||    56
Dodge: Dodged            |    63 |    22 |    24 ||   109
